 Dungeon Crawl Stone Soup version 0.29-a0-839-g4793fd635e (webtiles) character file.

Game seed: 10390910816869226706

14245 Malachi the Cruncher (level 12, -6/89 HPs)
             Began as a Ghoul Monk on July 14, 2022.
             Was an Initiate of Yredelemnul.
             Mangled by an ice beast (7 damage)
             ... summoned by an ice statue
             ... in an ice cave.
             The game lasted 00:18:07 (15192 turns).

Malachi the Cruncher (Ghoul Monk)                  Turns: 15192, Time: 00:18:09

Health: -6/89      AC: 12    Str: 20    XL:     12   Next: 14%
Magic:  11/11      EV:  9    Int:  5    God:    Yredelemnul [......]
Gold:   682        SH:  0    Dex: 11    Spells: 11/11 levels left

rFire   . . .      SeeInvis .   f - +3 quarterstaff (spect)
rCold   + . .      Faith    .   (shield currently unavailable)
rNeg    + + +      Spirit   .   p - +0 chain mail
rPois   ∞          Reflect  .   l - +0 hat {Will+}
rElec   .          Harm     .   (no cloak)
rCorr   .          Rampage  .   (no gloves)
Will    +....                   B - +0 pair of boots
Stlth   ..........              (no amulet)
HPRegen 0.00/turn               (no ring)
MPRegen 0.12/turn               (no ring)

@: inhibited regen
A: claws 1, cold resistance 1, negative energy resistance 3, inhibited
regeneration, torment resistance 2, devour on kill
a: Renounce Religion, Recall Undead Harvest


You were in an ice cave.
You worshipped Yredelemnul.
Yredelemnul was noncommittal.
You visited 3 branches of the dungeon, and saw 13 of its levels.
You also visited: Sewer and Ice Cave.

You collected 2232 gold pieces.
You spent 1550 gold pieces at shops.

Inventory:

Hand Weapons
 f - a +3 spectral quarterstaff (weapon)
 D - the +8 mithril axe "Arga" {speed, Will+}
   (You bought it in a shop on level 4 of the Dungeon)

   Attacks with this weapon are significantly faster.
   Will:      It increases your willpower.
Missiles
 g - 2 throwing nets
 y - a curare-tipped dart (quivered)
Armour
 j - a scarf of invisibility
 l - a +0 hat of willpower (worn)
 p - a +0 chain mail (worn)
 q - a +2 kite shield
 B - a +0 pair of boots (worn)
Magical Staves
 k - a staff of cold
Jewellery
 d - a ring of fire
 m - a ring of fire
 s - a ring of flight
Wands
 v - a wand of roots (9)
 E - a wand of flame (15)
 G - a wand of paralysis (11)
 I - a wand of mindburst (7)
Scrolls
 a - a scroll of poison
 b - a scroll of summoning
 h - a scroll of blinking
 i - a scroll of silence
 n - 3 scrolls of fog
 o - 3 scrolls of fear
 r - 3 scrolls of vulnerability
 t - 8 scrolls of teleportation
 u - 3 scrolls of amnesia
 x - a scroll of enchant armour
 z - a scroll of enchant weapon
 F - 4 scrolls of identify
Potions
 c - 2 potions of ambrosia
 e - 3 potions of haste
 w - 2 potions of might
 A - 2 potions of curing
 C - a potion of brilliance
 H - a potion of invisibility {unknown}
 J - 2 potions of heal wounds


   Skills:
 - Level 3.5 Fighting
 - Level 3.5 Long Blades
 * Level 8.3 Axes
 - Level 12.2 Staves
 + Level 9.6 Armour
 - Level 2.8 Dodging
 - Level 2.2 Stealth


You had 11 spell levels left.
You didn't know any spells.
Your spell library contained the following spells:

 Spells                   Type           Power      Damage    Failure   Level
 Foxfire                  Conj/Fire      0%         2x1d4     98%         1
 Sandblast                Erth           0%         2d4       98%         1
 Shock                    Conj/Air       0%         1d3       98%         1
 Slow                     Hex            0%         N/A       98%         1
 Summon Small Mammal      Summ           0%         N/A       98%         1
 Passwall                 Tmut/Erth      0%         N/A       99%         2
 Poisonous Vapours        Pois/Air       0%         N/A       99%         2
 Call Canine Familiar     Summ           0%         N/A       100%        3
 Confusing Touch          Hex            0%         N/A       100%        3
 Conjure Flame            Conj/Fire      0%         6-21      100%        3
 Frozen Ramparts          Ice            0%         1d2       100%        3
 Inner Flame              Hex/Fire       0%         N/A       100%        3
 Portal Projectile        Hex/Tloc       0%         N/A       100%        3
 Stone Arrow              Conj/Erth      0%         3d7       100%        3
 Summon Guardian Golem    Hex/Summ       0%         N/A       100%        3
 Swiftness                Air            0%         N/A       100%        3
 Vampiric Draining        Necr           0%         2d6       100%        3
 Airstrike                Air            0%         0-1+      100%        4
 Corpse Rot               Necr/Pois/Air  0%         N/A       100%        4
 Flame Wave               Conj/Fire      0%         2d4       100%        4
 Leda's Liquefaction      Hex/Erth       0%         N/A       100%        4
 Summon Ice Beast         Ice/Summ       0%         N/A       100%        4
 Yara's Violent Unravell  Hex/Tmut       0%         3d3       100%        5
 Enfeeble                 Hex            0%         N/A       100%        7
 Ice Form                 Ice/Tmut       Unusable   N/A       N/A         4

Dungeon Overview and Level Annotations

Branches:
Dungeon (10/15)            Temple (1/1) D:7            Lair (2/6) D:10
 Spider (0/4) Lair:2        Sewer (visited)           IceCv (1/1)
  Swamp: Lair:2-4    Shoals: Lair:2-4       Orc: D:9-12

Altars:
Ashenzari
Cheibriados
Dithmenos
Fedhas
Gozag
Hepliaklqana
Kikubaaqudgha
Makhleb
Nemelex Xobeh
Okawaru
Qazlal
Ru
Sif Muna
Trog
Uskayaw
Vehumet
Wu Jian
Xom
Yredelemnul

Shops:
D:2 (   D:4 !(   D:6 *

Annotations:
D:7 exclusion: statue
Lair:2 exclusion: 2 oklob plants IceCv exclusion: 2 ice statues


Innate Abilities, Weirdness & Mutations

You are immune to poison.
You have sharp fingernails.
Your flesh is cold resistant. (rC+)
You are immune to negative energy. (rN+++)
You do not regenerate when monsters are visible.
You are immune to unholy pain and torment.
You thrive by killing the living.


Message History

The ice beast hits your +3 spectral quarterstaff but does no damage.
Unknown command.
You closely miss the ice beast.
The ice beast is heavily wounded.
Your +3 spectral quarterstaff closely misses the ice beast.
The ice beast hits you but does no damage.
You barely miss the ice beast.
The ice beast is heavily wounded.
Your +3 spectral quarterstaff hits the ice beast but does no damage.
The ice beast hits you but does no damage.
The ice beast hits you.
* * * LOW HITPOINT WARNING * * *
The ice beast freezes you. You resist.
* * * LOW HITPOINT WARNING * * *
You sock the ice beast!
You kill the ice beast!
The ice beast disappears in a puff of smoke!
The ice beast hits you but does no damage.
The ice beast hits you but does no damage. x2
The ice beast hits you but does no damage.
The ice beast attacks as you move away!
The ice beast hits you but does no damage.
The ice beast attacks as you move away!
The ice beast hits you but does no damage.
The ice beast attacks as you move away!
The ice beast hits you but does no damage.
The ice beast attacks as you move away!
The ice beast hits you but does no damage.
You thump the ice beast!
The ice beast is heavily wounded.
Your +3 spectral quarterstaff misses the ice beast.
You hit the ice beast but do no damage.
The ice beast is heavily wounded.
Your +3 spectral quarterstaff hits the ice beast!
The ice beast hits you but does no damage.
The ice beast hits you.
* * * LOW HITPOINT WARNING * * *
The ice beast freezes you! You resist.
You die...
Yredelemnul claims you as an undead slave.

####### ########
#.....## ##..[)(#.
#@(....###.....(#.
#YY.....#.......#.
#.∩..∩......Y.....
#.......#.......#.
#......###......#°
#.....## ##..().#○
####### ########


You could see 2 ice beasts and a friendly +3 spectral quarterstaff (summoned).

Vanquished Creatures
  Gastronok (D:9)
  A cyclops (D:10)
  An ugly thing (IceCv)
  3 elephants (Lair:2)
  An ice statue (IceCv)
  2 cane toads
  A rime drake (Lair:1)
  An unseen horror (D:10)
  2 komodo dragons (Lair:1)
  A hornet (D:7)
  A jumping spider (Lair:2)
  A vampire (D:10)
  20 yaks
  2 wyverns (D:10)
  A steam dragon (D:9)
  2 death yak simulacra (IceCv)
  8 water moccasins
  2 orc warriors (D:8)
  2 phantoms
  A centaur (D:5)
  3 wolves (Lair:1)
  3 kobold brigands
  6 bullfrogs
  A necrophage (D:7)
  A gnoll sergeant (D:8)
  5 scorpions
  2 cane toad simulacra (IceCv)
  22 wights
  2 elephant simulacra
  2 killer bees (D:10)
  4 howler monkeys
  2 hounds
  5 orc priests
  2 gnoll boudas
  2 jellies (D:4)
  8 orc wizards
  A wolf simulacrum (Lair:2)
  13 gnolls
  16 adders
  7 river rats
  A shadow imp (D:7)
  2 white imps
  2 ufetubi
  12 worms
  3 dart slugs
  25 orcs
  5 ball pythons
  13 endoplasms
  2 giant cockroaches
  7 goblins
  7 hobgoblins
  4 jackals (D:4)
  30 kobolds
  3 quokkas
  7 bats
  4 frilled lizards
  A goblin skeleton (D:7)
  A goblin zombie (D:7)
  A hobgoblin zombie (D:7)
  2 kobold skeletons (D:7)
  A kobold zombie (D:7)
  An orc skeleton (D:7)
  2 orc zombies (D:7)
  9 rats
306 creatures vanquished.

Vanquished Creatures (collateral kills)
  A wraith (D:10)
  A yak (D:10)
  A wolf (Lair:1)
  A bullfrog (Lair:1)
  A wight (D:8)
  A killer bee (D:10)
  An orc priest (D:7)
  A statue (D:7)
  A killer bee zombie (D:10)
  A gnoll (D:7)
  An orc zombie (D:8)
  An orc (D:7)
12 creatures vanquished.

Vanquished Creatures (others)
  A water moccasin zombie (D:7)
  A bullfrog zombie (D:7)
  An orc wizard (D:8)
  A howler monkey zombie (D:7)
  3 gnoll zombies
  3 orc zombies (D:8)
  4 fungi
  9 plants
23 creatures vanquished.

Grand Total: 341 creatures vanquished

Notes
Turn   | Place    | Note
-------+----------+-------------------------------------------
     0 | D:1      | Malachi the Ghoul Monk began the quest for the Orb.
     0 | D:1      | Reached XP level 1. HP: 19/19 MP: 0/0
   255 | D:1      | Reached XP level 2. HP: 26/26 MP: 1/1
   424 | D:1      | Reached XP level 3. HP: 31/31 MP: 2/2
  1095 | D:2      | Reached skill level 1 in Staves
  1159 | D:2      | Found Nueschi's Antique Weapon Shoppe.
  1293 | D:2      | Reached XP level 4. HP: 38/38 MP: 3/3
  1423 | D:2      | Reached skill level 2 in Staves
  2019 | D:3      | Reached skill level 3 in Staves
  2040 | D:3      | Reached XP level 5. HP: 41/45 MP: 4/4
  2378 | D:4      | Reached skill level 4 in Staves
  2521 | D:4      | Reached XP level 6. HP: 51/51 MP: 5/5
  2848 | D:4      | Found an iron altar of Okawaru.
  3042 | D:4      | Found Golion's Distillery.
  3067 | D:4      | Reached skill level 1 in Armour
  3169 | D:4      | Reached skill level 5 in Staves
  3255 | D:4      | Reached XP level 7. HP: 57/57 MP: 6/6
  3481 | D:4      | Found Nuop's Antique Weapon Shop.
  3563 | D:5      | Entered Level 5 of the Dungeon
  3914 | D:5      | Reached skill level 6 in Staves
  4897 | D:6      | Reached XP level 8. HP: 63/63 MP: 7/7
  4899 | D:6      | Reached skill level 7 in Staves
  5224 | D:6      | Found Fesablupn's Assorted Antiques.
  5469 | D:6      | Found a glowing drain.
  5477 | Sewer    | Entered a sewer
  5525 | Sewer    | Reached skill level 8 in Staves
  6178 | D:6      | Found a blossoming altar of Fedhas.
  6407 | D:7      | Reached XP level 9. HP: 59/70 MP: 8/8
  6524 | D:7      | Found a staircase to the Ecumenical Temple.
  6548 | D:7      | Reached skill level 9 in Staves
  6564 | Temple   | Entered the Ecumenical Temple
  6801 | Temple   | Became a worshipper of Yredelemnul the Dark
  6801 | Temple   | Reached * piety under Yredelemnul
  6889 | D:7      | Found a radiant altar of Vehumet.
  6984 | D:7      | HP: 1/70 [wight/+0 halberd (3)]
  7015 | D:7      | Reached skill level 10 in Staves
  7467 | D:7      | Reached ** piety under Yredelemnul
  7549 | D:7      | Reached skill level 5 in Armour
  7589 | D:7      | Noticed a hornet
  7596 | D:7      | Killed a hornet
  7961 | D:8      | Found a shimmering altar of Xom.
  8007 | D:8      | Reached skill level 11 in Staves
  8007 | D:8      | Reached XP level 10. HP: 77/77 MP: 9/9
  8382 | D:8      | Found a broken altar of Ashenzari.
  8382 | D:8      | Found a snail-covered altar of Cheibriados.
  8384 | D:8      | Found a shimmering blue altar of Sif Muna.
  8438 | D:8      | Reached *** piety under Yredelemnul
  8563 | D:8      | Found an ornate altar of the Wu Jian Council.
  8574 | D:8      | Reached **** piety under Yredelemnul
  8585 | D:8      | Reached skill level 12 in Staves
  9368 | D:8      | Identified a scroll of acquirement
  9370 | D:8      | Acquired 939 gold pieces
  9384 | D:9      | Noticed Gastronok
  9395 | D:9      | Killed Gastronok
  9542 | D:9      | Reached XP level 11. HP: 80/82 MP: 10/10
 11188 | D:10     | Entered Level 10 of the Dungeon
 11216 | D:10     | Acquired 661 gold pieces
 11347 | D:4      | Bought the +8 mithril axe "Arga" {speed, Will+} for 1550
                  | gold pieces
 11347 | D:4      | Found the +8 mithril axe "Arga" {speed, Will+}
 11569 | D:10     | HP: 4/82 [yak (2)]
 11967 | D:10     | Noticed a cyclops
 11970 | D:10     | Found a staircase to the Lair.
 11975 | D:10     | Killed a cyclops
 13005 | Lair:1   | Entered Level 1 of the Lair of Beasts
 13093 | Lair:1   | Reached skill level 5 in Axes
 14384 | Lair:2   | Found a hole to the Spider Nest.
 14402 | Lair:2   | Noticed an oklob plant
 14402 | Lair:2   | Noticed an oklob plant
 14419 | Lair:2   | Found a frozen archway.
 14428 | Lair:2   | Reached XP level 12. HP: 69/89 MP: 11/11
 14439 | IceCv    | Entered an ice cave
 14742 | IceCv    | Identified the +9 dagger "Xota" {venom, rPois SInv Stlth+}
 15184 | IceCv    | HP: 4/89 [ice beast[an ice statue] (4)]
 15192 | IceCv    | HP: 1/89 [ice beast[an ice statue] (3)]
 15192 | IceCv    | Mangled by an ice beast

Illustrated notes

Levels and vault maps discovered:
D:1:      dpeg_arrival_shrine, layout_rooms, serial_forest,
          infiniplex_forest_end_3, infiniplex_forest_lined_4_way,
          infiniplex_forest_straight_2, infiniplex_forest_corner_2,
          infiniplex_forest_zigzag_1, infiniplex_forest_straight_4,
          infiniplex_forest_straight_2, infiniplex_forest_join, chequers_avenue
D:2:      minmay_wonky_spiral, layout_basic, serial_shops, shop,
          lemuel_another_geyser
D:3:      layout_basic
D:4:      layout_basic, lemuel_tele_altar, zin_academy, serial_shops, shop,
          nicolae_shop_behind_doors, chequers_serial_rivers_large_b
D:5:      layout_basic, chequers_serial_rivers_micro_c
D:6:      layout_basic, mainiacjoe_overflow_chevrons, serial_shops,
          nicolae_shop_trees, lightli_sewer_entry_pipes,
          minmay_increasing_density
D:7:      layout_cave_pods, vehumet_statue, nicolae_tso_besieged_by_evil,
          minmay_temple_entry_stoned_glass, grunt_ministairs_15
D:8:      layout_loops_ring, general_overflow_altar, lemuel_round_altar,
          minitemple
D:9:      layout_layer_cave, uniq_gastronok
D:10:     layout_irregular_city, dpeg_oklobed_lair, nicolae_figureground_pulse
Temple:   hellmonk_temple_forest_ring
Lair:1:   layout_regular_city, grunt_megastairs_1
Lair:2:   dpeg_oklob_gauntlet, layout_cave_pods, spider_nest_entry_a,
          portal_ice_cave_entry_ice_simulacra, roderic_carrion_pond
IceCv:    ice_cave_statue_garden_chambered

Skill      XL: |  1  2  3  4  5  6  7  8  9 10 11 12 |
---------------+-------------------------------------+-----
Long Blades    | 3 |  3.5
Staves         | 1 3 4 5 6 8 11 12 | 12.2
Armour         | 1 2 3 5 7 9 |  9.6
Axes           | 2 7 8 |  8.3
Fighting       | |  3.5
Dodging        | |  2.8
Stealth        | |  2.2

Action                   |  1- 3 |  4- 6 |  7- 9 | 10-12 || total
-------------------------+-------+-------+-------+-------++-------
Melee: Falchion          |    33 |       |       |       ||    33
       Quarterstaff      |    47 |   113 |   329 |   196 ||   685
       Punch             |     1 |       |       |     3 ||     4
       Broad axe         |       |       |       |   179 ||   179
  Use: Scroll            |       |       |    17 |     8 ||    25
       Potion            |       |       |     7 |     3 ||    10
 Stab: Sleeping          |     7 |     1 |       |       ||     8
       Distracted        |       |       |     2 |     4 ||     6
Armor: Robe              |    19 |     2 |       |       ||    21
       Chain mail        |       |    39 |   124 |   169 ||   332
Dodge: Dodged            |    53 |    41 |   147 |   144 ||   385

Table legend: (Time is in decaauts)
 A = Elapsed time spent in this place.
 B = Non-inter-level travel time spent in this place.
 C = Inter-level travel time spent in this place.
 D = Time resting spent in this place.
 E = Time spent auto-exploring this place.
 F = Levels seen in this place.
 G = Mean time per level.
                   A        B        C        D        E       F      G
               +--------+--------+--------+--------+--------+-----+--------+
         Total |  15222 |  14520 |    702 |   2112 |  10329 |  15 | 1014.8 |
       Dungeon |  12143 |  11494 |    649 |   1205 |   8740 |  10 | 1214.3 |
        Temple |    255 |    241 |     14 |      0 |    189 |   1 |  255.0 |
          Lair |   1422 |   1383 |     39 |      0 |   1224 |   2 |  711.0 |
         Sewer |    658 |    658 |      0 |    277 |    175 |   1 |  658.0 |
      Ice Cave |    742 |    742 |      0 |    630 |      0 |   1 |  742.0 |
               +--------+--------+--------+--------+--------+-----+--------+

Top non-repeatable levels by time:
     D:9: 1811 daAuts
    D:10: 1501 daAuts
     D:8: 1432 daAuts
     D:5: 1359 daAuts
     D:7: 1358 daAuts
     D:4: 1319 daAuts
  Lair:1: 1114 daAuts
     D:6: 964 daAuts
     D:2: 844 daAuts
     D:1: 827 daAuts
   IceCv: 742 daAuts
     D:3: 726 daAuts
   Sewer: 658 daAuts
  Lair:2: 308 daAuts
  Temple: 255 daAuts
